 Dungeon Crawl Stone Soup version 0.29.1-1-gd02db6906a (console) character file.

Game seed: 16637445212141718356

13258 erker the Geomancer (level 11, 0/60 HPs)
             Began as a Deep Elf Earth Elementalist on Oct 14, 2022.
             Was a Priest of Sif Muna.
             Slain by a yak (1 damage)
             ... while petrified by a catoblepas
             ... on level 1 of the Lair of Beasts.
             The game lasted 00:57:23 (13200 turns).

erker the Geomancer (Deep Elf Earth Elementalist)  Turns: 13200, Time: 00:57:24

Health: 0/60       AC:  9    Str:  5    XL:     11   Next: 73%
Magic:  26/26      EV:  2    Int: 25    God:    Sif Muna [***...]
Gold:   836        SH:  0    Dex: 21    Spells: 7/28 levels left

rFire   . . .      SeeInvis .   a - +1 dagger (venom)
rCold   + . .      Faith    .   (no shield)
rNeg    + + +      Spirit   .   J - +0 robe {rC+}
rPois   ∞          Reflect  .   n - +0 helmet
rElec   .          Harm     .   P - +2 cloak
rCorr   .          Rampage  .   (no gloves)
Will    +....                   y - +2 pair of boots
Stlth   ++++......              (no amulet)
HPRegen 0.20/turn               w - +4 ring of evasion
MPRegen 0.20/turn               R - +6 ring of dexterity

@: petrified
A: no striking features
a: Renounce Religion, Channel Magic, Forget Spell


You were on level 1 of the Lair of Beasts.
You worshipped Sif Muna.
Sif Muna was most pleased with you.
You visited 3 branches of the dungeon, and saw 14 of its levels.

You collected 836 gold pieces.

Inventory:

Hand Weapons
 a - a +1 dagger of venom (weapon)
 C - a +3 dagger
 O - the +0 staff of Battle
   (You found it on level 8 of the Dungeon)

   It enhances your conjuration magic.
   It summons a battlesphere in combat, with strength depending on Conjurations
   skill.
   Its strikes trigger the battlesphere's blasts.
 Q - the +3 rapier of Excruciating Pain {flame, rElec rPois rF-}
   (You found it on level 8 of the Dungeon)

   It burns those it strikes, dealing additional fire damage.
   rF:        It makes you vulnerable to fire.
   rElec:     It insulates you from electricity.
   rPois:     It protects you from poison.
 S - a +4 dagger of chaos
Missiles
 r - 32 poisoned darts (quivered)
 I - 2 curare-tipped darts
Armour
 n - a +0 helmet (worn)
 o - a +0 buckler
 v - a scarf of invisibility
 y - a +2 pair of boots (worn)
 J - a +0 robe of cold resistance (worn)
 P - a +2 cloak (worn)
 U - an orb of mayhem
Magical Staves
 b - a staff of earth
Jewellery
 w - a +4 ring of evasion (left hand)
 M - a ring of fire
 R - a +6 ring of dexterity (right hand)
 W - a +6 ring of strength
 Y - a ring of ice
Wands
 K - a wand of flame (56)
 N - a wand of paralysis (13)
 V - a wand of polymorph (3)
Scrolls
 c - 7 scrolls of vulnerability {unknown}
 e - 3 scrolls of noise {unknown}
 g - 2 scrolls of fear {unknown}
 h - 2 scrolls of poison {unknown}
 i - 8 scrolls of identify {unknown}
 j - 2 scrolls of enchant armour {unknown}
 p - 4 scrolls of blinking {unknown}
 q - 4 scrolls of teleportation
 t - 4 scrolls of enchant weapon {unknown}
 u - 6 scrolls of immolation {unknown}
 D - a scroll of fog {unknown}
 E - a scroll of silence {unknown}
 G - a scroll of amnesia {unknown}
 H - 2 scrolls of acquirement {unknown}
 T - a scroll of magic mapping {unknown}
 X - a scroll of brand weapon {unknown}
Potions
 d - 4 potions of mutation {unknown}
 f - 4 potions of might {unknown}
 k - a potion of cancellation {unknown}
 l - a potion of lignification {unknown}
 m - 4 potions of curing
 s - 4 potions of flight {unknown}
 x - 6 potions of degeneration {unknown}
 z - 3 potions of heal wounds {unknown}
 A - a potion of brilliance {unknown}
 B - 2 potions of attraction {unknown}
 F - 4 potions of resistance {unknown}
 L - 3 potions of magic
 Z - a potion of ambrosia {unknown}


   Skills:
 - Level 3.0 Fighting
 - Level 2.4 Dodging
 - Level 7.0 Stealth
 + Level 9.2 Spellcasting
 + Level 4.6 Conjurations
 + Level 8.1 Necromancy
 - Level 10.0 Transmutations
 + Level 6.4 Ice Magic
 + Level 10.4 Earth Magic
 - Level 4.0 Invocations


You had 7 spell levels left.
You knew the following spells:

 Your Spells              Type           Power      Damage    Failure   Level
a - Sandblast             Erth           100%       2d20      1%          1
g - Iron Shot             Conj/Erth      24%        9d5       36%         6
o - Ozocubu's Armour      Ice            43%        N/A       1%          3
p - Petrify               Tmut/Erth      58%        N/A       1%          4
v - Borgnjor's Vile Clut  Necr/Erth      27%        N/A       3%          5
w - Passwall              Tmut/Erth      48%        N/A       1%          2

Your spell library contained the following spells:

 Spells                   Type           Power      Damage    Failure   Level
 Freeze                   Ice            100%       1d11      1%          1
 Frozen Ramparts          Ice            86%        1d13      1%          3
 Spider Form              Tmut/Pois      36%        N/A       1%          3
 Stone Arrow              Conj/Erth      98%        3d13      1%          3
 Lee's Rapid Deconstruct  Erth           29%        3d16*     1%          5
 Ensorcelled Hibernation  Hex/Ice        54%        N/A       2%          2
 Blade Hands              Tmut           28%        N/A       2%          5
 Hailstorm                Conj/Ice       39%        3d9       5%          4
 Anguish                  Hex/Necr       16%        N/A       10%         4
 Portal Projectile        Hex/Tloc       22%        N/A       16%         3
 Tukima's Dance           Hex            11%        N/A       16%         3
 Ozocubu's Refrigeration  Ice            21%        4d12      97%         7


Dungeon Overview and Level Annotations

Branches:
Dungeon (11/15)            Temple (1/1) D:6            Lair (2/5) D:10
  Swamp: Lair:2-3    Shoals: Lair:2-3     Snake: Lair:2-3    Spider: Lair:2-3
    Orc: D:9-12

Altars:
Ashenzari
Cheibriados
Dithmenos
Elyvilon
Fedhas
Gozag
Hepliaklqana
Kikubaaqudgha
Makhleb
Nemelex Xobeh
Okawaru
Qazlal
Ru
Sif Muna
Trog
Uskayaw
Vehumet
Wu Jian
Xom
Yredelemnul
Zin
The Shining One

Annotations:
D:8 3 runed translucent doors, Badistic's ghost, novice GnBe
D:9 NeverExisted's ghost, journeyman GrEE


Message History

* * * LOW HITPOINT WARNING * * *
You are engulfed in calcifying dust.
The wolf bites you. x2
* * * LOW HITPOINT WARNING * * *
The wolf bites you but does no damage.
The yak is engulfed in calcifying dust.
The yak is moving more slowly.
The yak gores you but does no damage. The yak gores you!
* * * LOW HITPOINT WARNING * * *
The basilisk is engulfed in calcifying dust.
The basilisk stops moving altogether!
The wolf barely misses you.
You turn to flesh and can move again.
There is a stone staircase leading up, spattered with blood here.
Okay, then.
Unknown command.
Unknown command.
Unknown command.
Unknown command.
It was a potion of curing.
You feel better.
You are engulfed in calcifying dust.
The sentinel's mark upon you fades away.
The wolf barely misses you. x3
The basilisk is engulfed in calcifying dust.
The yak is engulfed in calcifying dust.
The yak stops moving altogether!
The yak gores you but does no damage. The wolf barely misses you.
The wolf misses you. The wolf closely misses you.
You are engulfed in calcifying dust.
You are slowing down.
The wolf bites you.
* * * LOW HITPOINT WARNING * * *
The wolf misses you. The wolf bites you but does no damage.
The basilisk is engulfed in calcifying dust.
The yak is engulfed in calcifying dust.
The yak gores you!
* * * LOW HITPOINT WARNING * * *
The wolf bites you.
* * * LOW HITPOINT WARNING * * *
The wolf bites you.
You climb upwards.
You have turned to stone.
The wolf bites you.
* * * LOW HITPOINT WARNING * * *
The yak gores you.
You die...

#......##........# #.....#
##.......##.#.....# #.....#
###.........#.#####.######..####
##.............#####..##.#..## ##
#.........##....##.........### #.
....#...♣.###[..##.........#P####
#..##.....###................P###
...##.......##.Y.....##.........#
>.♣###..>..###♣.@#......#........
....##......#..hh.....#.#...#...#
#...#......###...#...........####
#....#..♣..#............#..### ##
#....##...#....##.##.........# #.
##............##..P#.........# #.
##..........##...###........# #.
##.##.......###..## #.#...#### #.
##..###....#....## #.....# ###


You could see a yak and 2 wolves.

Vanquished Creatures
  Josephine (D:10)
  2 two-headed ogres
  Pikel (D:7)
  Maurice (D:8)
  A black mamba (Lair:2)
  Joseph (D:7)
  2 cane toads (Lair:1)
  Psyche (D:9)
  A rime drake (Lair:1)
  A komodo dragon (Lair:2)
  3 tengu conjurers (D:8)
  A polar bear (Lair:1)
  Prince Ribbit (D:7)
  A wyvern (D:7)
  3 wraiths
  17 yaks
  A steam dragon (D:10)
  A ynoxinul (D:9)
  3 water moccasins
  3 ice beasts
  2 orc warriors (D:7)
  A sky beast (D:6)
  An ogre (D:4)
  5 wolves (Lair:1)
  3 centaurs
  Blork the orc (D:4)
  A phantom (D:3)
  5 kobold brigands
  2 necrophages
  A gnoll sergeant (D:7)
  2 scorpions
  4 bullfrogs
  4 killer bees (D:8)
  A vampire bat (D:6)
  4 howler monkeys
  3 crimson imps (D:5)
  4 orc priests
  5 jellies
  4 hounds
  4 iguanas
  14 orc wizards
  4 gnolls (D:8)
  10 adders
  4 shadow imps
  2 white imps
  2 ufetubi (D:5)
  4 worms
  3 dart slugs
  32 orcs
  16 bats
  7 endoplasms
  6 giant cockroaches
  10 goblins
  6 hobgoblins
  3 jackals
  3 quokkas
  4 ball pythons
  4 frilled lizards (D:1)
  31 kobolds
  4 rats
272 creatures vanquished.

Vanquished Creatures (others)
  2 fungi (Lair:2)
  4 plants
  3 toadstools (D:9)
9 creatures vanquished.

Grand Total: 281 creatures vanquished

Notes
Turn   | Place    | Note
-------+----------+-------------------------------------------
     0 | D:1      | erker the Deep Elf Earth Elementalist began the quest for
                  | the Orb.
     0 | D:1      | Reached XP level 1. HP: 10/10 MP: 6/6
   204 | D:1      | Reached XP level 2. HP: 10/15 MP: 6/8
   699 | D:1      | Learned a level 2 spell: Passwall
  1051 | D:2      | Reached XP level 3. HP: 19/19 MP: 7/9
  1592 | D:2      | Reached XP level 4. HP: 24/24 MP: 9/11
  1923 | D:3      | Noticed a phantom
  1948 | D:3      | Found a faded altar of an unknown god.
  2021 | D:3      | Killed a phantom
  2022 | D:3      | Reached XP level 5. HP: 20/28 MP: 6/13
  2116 | D:3      | Learned a level 4 spell: Petrify
  2722 | D:3      | Reached skill level 5 in Earth Magic
  3041 | D:4      | Reached XP level 6. HP: 32/32 MP: 8/14
  3234 | D:4      | Noticed Blork the orc
  3241 | D:4      | Killed Blork the orc
  3392 | D:4      | Reached skill level 5 in Transmutations
  3523 | D:4      | Reached XP level 7. HP: 36/36 MP: 10/15
  3584 | D:4      | You fall into a shaft and drop 1 floor!
  3584 | D:5      | Entered Level 5 of the Dungeon
  3749 | D:6      | Found a sparkling altar of Nemelex Xobeh.
  4459 | D:4      | Reached XP level 8. HP: 41/41 MP: 12/16
  5067 | D:5      | Found a shimmering altar of Xom.
  5245 | D:6      | Reached skill level 1 in Fighting
  5514 | D:6      | Reached skill level 5 in Stealth
  5514 | D:6      | Reached skill level 5 in Spellcasting
  5578 | D:6      | Found a staircase to the Ecumenical Temple.
  5587 | Temple   | Entered the Ecumenical Temple
  5600 | Temple   | Became a worshipper of Sif Muna the Loreminder
  5740 | D:6      | Found a sacrificial altar of Ru.
  6012 | D:7      | Noticed Joseph
  6179 | D:7      | Noticed Pikel
  6184 | D:7      | Killed Pikel
  6185 | D:7      | Reached XP level 9. HP: 35/48 MP: 15/20
  6391 | D:7      | Learned a level 3 spell: Ozocubu's Armour
  6508 | D:7      | Reached skill level 1 in Ice Magic
  6555 | D:7      | Noticed Prince Ribbit
  6573 | D:7      | Killed Prince Ribbit
  6688 | D:7      | Reached * piety under Sif Muna
  6798 | D:7      | Killed Joseph
  7431 | D:8      | Reached XP level 10. HP: 53/53 MP: 13/21
  7638 | D:8      | Reached skill level 10 in Earth Magic
  7643 | D:8      | Reached skill level 10 in Transmutations
  7670 | D:8      | Reached ** piety under Sif Muna
  7703 | D:8      | Noticed Maurice
  7734 | D:8      | Found an ornate altar of the Wu Jian Council.
  7852 | D:8      | Reached skill level 1 in Invocations
  7867 | D:8      | Found the +0 staff of Battle
  7992 | D:8      | Found a runed translucent gate.
  7992 | D:8      | Found a runed translucent gate.
  7993 | D:8      | Found a runed translucent gate.
  7994 | D:8      | Noticed Badistic's ghost (novice GnBe)
  8106 | D:8      | Killed Maurice
  8169 | D:8      | Identified the +3 rapier of Excruciating Pain {flame, rElec
                  | rPois rF-}
  8405 | D:9      | Got the Monograph on Terrain
  8425 | D:9      | Learned a level 5 spell: Borgnjor's Vile Clutch
  8458 | D:9      | Noticed NeverExisted's ghost (journeyman GrEE)
  8466 | D:9      | Found a runed translucent door.
  8524 | D:9      | Reached skill level 1 in Necromancy
  8807 | D:9      | Noticed Psyche
  8818 | D:9      | Killed Psyche
  8885 | D:9      | Noticed a two-headed ogre
  8897 | D:9      | Killed a two-headed ogre
  8898 | D:9      | Reached skill level 5 in Necromancy
  9043 | D:9      | Found a blossoming altar of Fedhas.
  9885 | D:9      | Got the Monograph on Clay
  9915 | D:9      | Learned a level 6 spell: Iron Shot
  9950 | D:10     | Entered Level 10 of the Dungeon
 10081 | D:10     | Noticed a two-headed ogre
 10095 | D:10     | Killed a two-headed ogre
 10096 | D:10     | Reached skill level 1 in Conjurations
 10222 | D:10     | Reached XP level 11. HP: 50/60 MP: 21/24
 10903 | D:10     | Reached skill level 5 in Ice Magic
 10990 | D:10     | Found a staircase to the Lair.
 10992 | D:10     | Noticed Josephine
 11006 | D:10     | Killed Josephine
 11026 | D:10     | Identified the +3 trident of Internal Strife {venom, rF+}
 11158 | Lair:1   | Entered Level 1 of the Lair of Beasts
 12134 | Lair:1   | Reached *** piety under Sif Muna
 12264 | Lair:1   | Identified the +8 chain mail "Cousimn" {Slay+3}
 12363 | Lair:1   | Identified the +1 ring mail of the Morning {Harm *Corrode
                  | rElec rC+}
 12622 | Lair:1   | You fall into a shaft and drop 1 floor!
 13183 | Lair:2   | Noticed a catoblepas
 13198 | Lair:2   | HP: 3/60 [yak (8)]
 13198 | Lair:2   | HP: 1/60 [wolf (2)]
 13200 | Lair:1   | Slain by a yak

Illustrated notes

Levels and vault maps discovered:
D:1:      nagdon_arrival_zigzag_paths, layout_basic
D:2:      minmay_wonky_spiral, layout_basic
D:3:      minmay_recursive_quarters, layout_loops_ring,
          shapermc_ecumenical_altar_mp_urbaneastern
D:4:      layout_loops_ring, uniq_blork_the_orc
D:5:      layout_cave_pools, led_xom_imps, serial_demonic, serial_demonic_d,
          serial_demonic_f, serial_demonic_b, serial_demonic_e
D:6:      layout_loops_cross, marbit_many_paths,
          nemelex_xobeh_ov_fountains_minmay, temple_fountains, roderic_batcave
D:7:      layout_gridville, uniq_joseph, uniq_pikel, uniq_prince_ribbit1
D:8:      layout_gridville, amcnicky_altar_gilded, gammafunk_ghost_spectres,
          serial_glass, glass_columns_c, glass_columns_a, glass_columns_a,
          glass_columns_b, glass_columns_c,
          hellmonk_guarded_unrand_staff_of_battle, uniq_maurice
D:9:      layout_irregular_city, mainiacjoe_overflow_brackets,
          hellmonk_ghost_big_iron, minmay_gold_behind_fungi, uniq_psyche
D:10:     layout_loops_ring, lair_entry_dummy,
          nicolae_concentric_dashed_squares_wild, grunt_ministairs_4,
          kennysheep_generic_room_10, uniq_josephine
D:11:     layout_small_grid, erik_orc_1, elyvilon_altar_1, uniq_amaemon
Temple:   sentei_temple_godly_chess
Lair:1:   layout_misc_corridors, grunt_megastairs_5, serial_bayou_shore_a,
          lemuel_fruit_tree
Lair:2:   layout_regular_city, grunt_megastairs_4

Skill      XL: |  1  2  3  4  5  6  7  8  9 10 11 |
---------------+----------------------------------+-----
Stealth        | 3 4 6 7 |  7.0
Transmutations | 2 3 4 5 6 8 9 10 | 10.0
Spellcasting   | 4 6 7 9 |  9.2
Earth Magic    | 4 5 6 7 8 9 10 | 10.4
Fighting       | 2 3 |  3.0
Ice Magic      | 4 6 |  6.4
Invocations    | 4 |  4.0
Necromancy     | 6 8 |  8.1
Conjurations   | 1 4 |  4.6
Dodging        | |  2.4

Action                   |  1- 3 |  4- 6 |  7- 9 | 10-12 || total
-------------------------+-------+-------+-------+-------++-------
Melee: Dagger            |       |     6 |   100 |   137 ||   243
       Punch             |       |       |     4 |     3 ||     7
       Staff             |       |       |       |     1 ||     1
Throw: Dart              |       |       |       |     1 ||     1
 Cast: Sandblast         |    51 |    80 |   109 |   115 ||   355
       Passwall          |     1 |     5 |     4 |     9 ||    19
       Petrify           |       |     3 |    29 |    50 ||    82
       Borgnjor's Vile C |       |       |       |     7 ||     7
       Ozocubu's Armour  |       |       |       |     1 ||     1
  Use: Scroll            |       |       |       |     2 ||     2
       Potion            |       |       |       |     1 ||     1
 Stab: Sleeping          |       |     2 |     8 |     4 ||    14
       Petrified         |       |     3 |    62 |    87 ||   152
       Petrifying        |       |       |       |     5 ||     5
Armor: Robe              |     2 |     5 |    36 |    85 ||   128
Dodge: Dodged            |     5 |    26 |    80 |   238 ||   349
